 Dungeon Crawl Stone Soup version 0.31.0-32-g396128a36d (webtiles) character file.

Game seed: 14757692034265486270

108 cdecastro the Chiller (level 4, -6/30 HPs)
             Began as a Human Ice Elementalist on Mar 18, 2024.
             Was a Believer of Kikubaaqudgha.
             Splashed by a jelly's acid (9 damage)
             ... in a sewer.
             The game lasted 00:05:26 (2362 turns).

cdecastro the Chiller (Human Ice Elementalist)      Turns: 2362, Time: 00:05:27

Health: -6/30      AC: -1    Str:  8    XL:     4   Next: 87%
Magic:  0/7        EV: 12    Int: 17    God:    Kikubaaqudgha [**....]
Gold:   145        SH:  0    Dex: 14    Spells: 0/7 levels left

rFire   . . .        d - +0 dagger
rCold   . . .        (no shield)
rNeg    . . .        a - +0 robe
rPois   .            p - +0 helmet
rElec   .            (no cloak)
rCorr   .            (no gloves)
SInv    +            (no boots)
Will    .....        (no amulet)
Stlth   ++           f - ring of see invisible
HPRegen 0.25/turn    (no ring)
MPRegen 0.10/turn

%: no passive effects
@: corroded, freezing walls
A: explore regen
a: Renounce Religion, Unearth Wretches


You were in a sewer.
You worshipped Kikubaaqudgha.
Kikubaaqudgha was pleased with you.
You visited 1 branch of the dungeon, and saw 3 of its levels.
You also visited: Sewer.

You collected 145 gold pieces.

Inventory:

Hand Weapons
 d - a +0 dagger (weapon)
Armour
 a - a +0 robe (worn)
 l - a +0 leather armour
 p - a +0 helmet (worn)
Jewellery
 f - a ring of see invisible (left hand)
Scrolls
 c - a scroll of enchant weapon {unknown}
 e - 4 scrolls of identify {unknown}
 g - a scroll of torment {unknown}
 i - a scroll of silence {unknown}
 j - a scroll of teleportation {unknown}
 k - a scroll of fear {unknown}
 m - a scroll of blinking {unknown}
 o - a scroll of amnesia {unknown}
Potions
 b - a potion of magic
 h - a potion of enlightenment {unknown}
 n - a potion of brilliance {unknown}
 q - a potion of mutation {unknown}


   Skills:
 - Level 2.0 Dodging
 - Level 2.0 Stealth
 - Level 2.0 Spellcasting
 + Level 6.0 Ice Magic


You couldn't memorise any spells.
You knew the following spells:

 Your Spells              Type           Power      Damage    Failure   Level
a - Freeze                Ice            88%        1d9       1%          1
b - Frozen Ramparts       Ice            44%        1d7       4%          3
c - Ozocubu's Armour      Ice            22%        N/A       4%          3

Your spell library contained the following spells:

 Spells                   Type           Power      Damage    Failure   Level
 Summon Ice Beast         Ice/Summ       12%        N/A       17%         3
 Apportation              Tloc           2%         N/A       19%         1
 Kiss of Death            Conj/Necr      4%         2d5       19%         1
 Necrotise                Necr           4%         1d4       19%         1
 Jinxbite                 Hex            2%         N/A       28%         2
 Sublimation of Blood     Necr           1%         N/A       28%         2
 Fugue of the Fallen      Necr           1%         N/A       50%         3
 Alistair's Intoxication  Alch           0%         N/A       99%         5


Dungeon Overview and Level Annotations

Branches:
Dungeon (3/15)              Sewer (1/1)

Altars:
Fedhas
Kikubaaqudgha

Shops:
D:1 [

Annotations:
D:2 Sigmund
D:3 vault need fly


Innate Abilities, Weirdness & Mutations

You regain HP and MP as you explore.


Message History

A jelly comes into view.
A rat comes into view.
Unknown command.
Unknown command.
Unknown command.
You barely miss the endoplasm.
The jelly quivers.
The wall freezes the endoplasm.
The endoplasm closely misses you.
Unknown command.
You hit the endoplasm but do no damage.
The endoplasm is almost dead.
The wall freezes the endoplasm but does no damage.
The endoplasm hits you.
Unknown command.
You barely miss the endoplasm.
The endoplasm is almost dead.
The wall freezes the endoplasm.
You kill the endoplasm!
Kikubaaqudgha accepts your kill.
Unknown command.
The frozen ramparts melt away.
Your magical contamination has completely faded away.
Unknown command.
The jelly attacks as it pursues you! The jelly hits you but does no damage.
The jelly attacks as it pursues you! The jelly misses you.
The jelly attacks as it pursues you! The jelly barely misses you.
A ball python comes into view.
The jelly hits you. The acid corrodes you!
You are splashed with acid!
The jelly attacks as it pursues you! The jelly hits you.
You are splashed with acid!
* * * LOW HITPOINT WARNING * * *
Casting: Ozocubu's Armour (dangerous; 4% risk of failure)
Confirm with . or Enter, or press ? or * to list all spells.
Casting: Frozen Ramparts (dangerous; 4% risk of failure)
Press: ? - help, Dir - look around, f - activate The walls around you are covered in ice.
The wall freezes the jelly.
The jelly hits you.
* * * LOW HITPOINT WARNING * * *
You are splashed with acid!
You die...
Kikubaaqudgha rasps: "You have failed me!
Welcome... death!"

#..####~.# #~.#
#.~.†~...# #..#
#.~.~.~..# #..#
########## #~.# ##
##..# ##~ #.†.#
#~. ##††## #..
###†~.# ####~~##
##..J@~#
#.~.~†.####...~~##
#..~†~~..##~~..###
....###~...~.r##
~..##.##.....## #~
#..~##.~~~#
#..##...~..~.##
#~..##~..~..~~#
#∩.~~~..~.#.~~#


You could see a jelly and a rat.

Vanquished Creatures
  Jessica (D:2)
  2 adders
  A dart slug (D:1)
  4 ribbon worms
  3 bats
  11 endoplasms
  6 giant cockroaches
  2 goblins (D:2)
  2 hobgoblins (D:1)
  A quokka (D:1)
  5 ball pythons
  3 frilled lizards
  3 kobolds
  10 rats
54 creatures vanquished.

Notes
Turn   | Place    | Note
-------+----------+-------------------------------------------
     0 | D:1      | cdecastro the Human Ice Elementalist began the quest for
                  | the Orb.
     0 | D:1      | Reached XP level 1. HP: 13/13 MP: 3/3
   185 | D:1      | Found a faded altar of an unknown god.
   213 | D:1      | Prayed at the altar of an unknown god.
   213 | D:1      | Became a worshipper of Kikubaaqudgha
   213 | D:1      | Reached * piety under Kikubaaqudgha
   213 | D:1      | Received a gift from Kikubaaqudgha
   249 | D:1      | Found Rurast's Armour Shop.
   334 | D:1      | Reached XP level 2. HP: 19/19 MP: 5/5
   743 | D:2      | Noticed Sigmund
   849 | D:2      | Found a blossoming altar of Fedhas.
  1013 | D:2      | Noticed Jessica
  1036 | D:2      | Killed Jessica
  1037 | D:2      | Reached skill level 5 in Ice Magic
  1037 | D:2      | Reached XP level 3. HP: 24/24 MP: 3/6
  1071 | D:2      | Learned a level 3 spell: Frozen Ramparts
  1248 | D:2      | Reached XP level 4. HP: 30/30 MP: 5/7
  1970 | D:3      | Found a glowing drain.
  2020 | Sewer    | Entered a sewer
  2063 | Sewer    | Learned a level 3 spell: Ozocubu's Armour
  2292 | Sewer    | Reached ** piety under Kikubaaqudgha
  2293 | Sewer    | Reached skill level 6 in Ice Magic
  2362 | Sewer    | Splashed by a jelly's acid

Illustrated notes

Levels and vault maps discovered:
D:1:      psy_arrival_statuary, layout_basic, serial_shops, shop,
          chequers_ecumenical_altar_simple_redux, hex_medium
D:2:      layout_loops_ring, basic_altar, dreamdust_princess_bridge,
          uniq_jessica, uniq_sigmund
D:3:      layout_loops_ring, cheibrodos_sewer_entry_bend,
          corexii_item_surrounded_by_moat, chequers_serial_rivers_small_a,
          uniq_natasha
Sewer:    sewer_hellmonk_slimy_pipes

Skill      XL: |  1  2  3  4 |
---------------+-------------+-----
Ice Magic      | 5 6 |  6.0
Dodging        | |  2.0
Stealth        | |  2.0
Spellcasting   | |  2.0

Action                     |  1- 3 |  4- 6 || total
---------------------------+-------+-------++-------
  Melee: Dagger            |    13 |    17 ||    30
   Cast: Freeze            |    31 |    12 ||    43
         Frozen Ramparts   |       |    10 ||    10
   Stab: Sleeping          |     3 |       ||     3
 Armour: Robe              |    13 |    22 ||    35
  Dodge: Dodged            |    19 |    26 ||    45
